 Dungeon Crawl Stone Soup version 0.20.0-15-g7f486f2 (webtiles) character file.

1259 Mysteryquy the Covert (level 8, -8/39 HPs)
             Began as a Vine Stalker Enchanter on June 18, 2017.
             Killed from afar by an electric eel (9 damage)
             ... with a bolt of electricity
             ... on level 6 of the Dungeon.
             The game lasted 00:15:29 (5541 turns).

Mysteryquy the Covert (Vine Stalker Enchanter)      Turns: 5541, Time: 00:15:29

Health: -8/39      AC:  5    Str: 10    XL:     8   Next: 51%
Magic:  0/15       EV: 14    Int: 17    God:
Gold:   293        SH:  0    Dex: 16    Spells: 10/15 levels left

rFire    . . .     SeeInvis .   a - +2 dagger
rCold    . . .     Gourm    .   (no shield)
rNeg     . . .     Faith    .   b - +0 robe
rPois    .         Spirit   +   w - +0 helmet
rElec    .         Reflect  .   (no cloak)
rCorr    .         Harm     .   E - +0 pair of gloves
MR       +....                  k - +0 pair of boots
Stlth    ++++......             (no amulet)
Regen    0.6/turn               (no ring)
MPRegen  0.2/turn               (no ring)

@: very slightly contaminated
A: fangs 3, regeneration 1, magic shield, antimagic bite, no potion heal 3, rot
immunity
a: no special abilities


You were on level 6 of the Dungeon.
You were hungry.

You visited 1 branch of the dungeon, and saw 6 of its levels.

You collected 398 gold pieces.
You spent 105 gold pieces at shops.

Inventory:

Hand Weapons
 a - a +2 dagger (weapon)
 z - a +1 short sword of protection
 B - a +2 long sword of draining
Armour
 b - a +0 robe (worn)
 k - a +0 pair of boots (worn)
 w - a +0 helmet (worn)
 E - a +0 pair of gloves (worn)
Wands
 p - a wand of iceblast (11/15)
 s - a wand of random effects (48/48)
 y - a wand of lightning (5/15)
 D - a wand of clouds (1/9)
 G - a wand of enslavement (13/24)
 I - a wand of flame (41/48)
 J - a wand of lightning (11/15)
Scrolls
 e - 5 scrolls of remove curse
 h - 3 scrolls of enchant weapon
 i - a scroll of fear
 j - 4 scrolls of teleportation
 A - 2 scrolls of enchant armour
 F - a scroll of amnesia
Potions
 g - 4 potions of curing {unknown}
 l - 4 potions of heal wounds {unknown}
 m - 3 potions of brilliance
 n - 3 potions of magic {unknown}
 o - a potion of mutation {unknown}
 r - a potion of lignification {unknown}
 v - a potion of flight {unknown}
 x - a potion of haste {unknown}
 H - a potion of degeneration {unknown}
Books
 c - a book of Maledictions

   Spells                             Type                      Level
   a - Corona                         Hexes                        1
   b - Ensorcelled Hibernation        Hexes/Ice                    2
   c - Confuse                        Hexes                        3
   d - Tukima's Dance                 Hexes                        3
   e - Dazzling Spray                 Conjuration/Hexes            3
Comestibles
 d - 5 bread rations
 f - 3 royal jellies
 u - 3 fruits
 C - 3 meat rations


   Skills:
 + Level 2.0 Fighting
 + Level 2.9(3.0) Short Blades
 + Level 0.8(2.0) Long Blades
 + Level 3.5 Dodging
 + Level 8.0 Stealth
 + Level 4.4 Spellcasting
 + Level 4.6 Hexes
 + Level 2.2 Ice Magic


You had 10 spell levels left.
You knew the following spells:

 Your Spells              Type           Power        Failure   Level  Hunger
a - Tukima's Dance        Hex            ###.....     7%          3    ###....
b - Ensorcelled Hibernat  Hex/Ice        ###...       5%          2    ##.....


Dungeon Overview and Level Annotations

Branches:
Dungeon (6/15)
 Temple: D:4-7

Altars:
Elyvilon
Fedhas
Kikubaaqudgha
Ru
Trog
Uskayaw

Shops:
D:4 }   D:5 ?[*[   D:6 *

Annotations:
D:4 NoAnimeNoLife's ghost, amateur GrFi


Innate Abilities, Weirdness & Mutations

You have razor-sharp teeth.
Your natural rate of healing is unusually fast.
When hurt, damage is shared between your health and your magic reserves.
Your bite disrupts and absorbs the magic of your enemies.
Potions cannot restore your health.
You are immune to rotting.


Message History

The electric eel completely resists.
The bolt of electricity hits you!
The bolt of electricity hits the plant. x2
The electric eel shoots out a bolt of lightning at you!
The bolt of electricity hits you!
The bolt of electricity hits the plant.
The electric eel shoots out a bolt of lightning at you!
The bolt of electricity hits the plant.
The bolt of electricity hits you!
* * * LOW HITPOINT WARNING * * *
As you read the scroll labeled CIRIOF WINEOMO, it crumbles to dust.
The scroll dissolves into smoke.
It was a scroll of fog.
The electric eel shoots out a bolt of lightning at you!
The bolt of electricity hits the plant.
The bolt of electricity hits you!
* * * LOW HITPOINT WARNING * * *
The electric eel shoots out a bolt of lightning at you!
The bolt of electricity hits the plant.
The bolt of electricity hits you!
* * * LOW HITPOINT WARNING * * *
As you read the scroll of immolation, it crumbles to dust.
The creatures around you are filled with an inner flame!
The electric eel shoots out a bolt of lightning at you!
The bolt of electricity hits the plant.
The bolt of electricity hits you!
You die...

#.##.##.#### ##.##.#
#.##.......# #.....#
#.#####.##.# #.##.##
#.########### #.##.#
######
#.##≈≈≈≈≈...###.##.#
.....#
###.########.##.##.#
####.#
#.##≈[≈P..##≈#..#.#
#.#
#.#≈;(§P§..#≈#....#
####.#
#.#≈.;P@...#≈#..###
..##.#
#.#≈;.P§§.'#.#.####
#.##.#
##≈##≈.%P..#..#....#
#.##.#
##≈##########.#####.#
#.##.###≈##≈.≈≈. #≈≈#
#.# .....[.#≈#;≈)P≈.
#≈### #^#
########.#≈≈.≈..
#≈#.# #.# #.#;;[.P.
#.#.## #.# ##'##≈!)..
..#..# #.#


You could see 3 electric eels.

Vanquished Creatures
  A hippogriff (D:6)
  Sigmund (D:3)
  A phantom (D:4)
  2 bullfrogs
  A howler monkey (D:5)
  A crimson imp (D:4)
  A jelly (D:6)
  3 hounds
  A bullfrog skeleton (D:5)
  Ijyb (D:3)
  Terence (D:3)
  2 iguanas
  2 orc wizards (D:4)
  4 worker ants
  A hound skeleton (D:4)
  A worker ant zombie (D:5)
  Robin (D:2)
  6 adders
  A shadow imp (D:6)
  3 oozes
  An adder zombie (D:5)
  2 adder skeletons
  A worm (D:5)
  2 dart slugs
  A leopard gecko (D:5)
  12 orcs
  A ball python (D:2)
  9 bats
  3 giant cockroaches
  12 goblins
  9 hobgoblins
  4 jackals (D:2)
  6 kobolds
  A quokka (D:3)
  A jackal skeleton (D:4)
  2 leopard gecko zombies
  6 rats
108 creatures vanquished.

Notes
Turn   | Place    | Note
-------+----------+-------------------------------------------
     0 | D:1      | Mysteryquy the Vine Stalker Enchanter began the quest for the Orb.
     0 | D:1      | Reached XP level 1. HP: 9/9 MP: 4/4
    75 | D:1      | Reached XP level 2. HP: 9/13 MP: 4/6
   527 | D:1      | Reached skill level 1 in Short Blades
   815 | D:1      | Reached XP level 3. HP: 16/16 MP: 7/7
   886 | D:1      | Learned a level 2 spell: Ensorcelled Hibernation
  1259 | D:2      | Noticed Robin
  1283 | D:2      | Reached skill level 4 in Stealth
  1766 | D:3      | Noticed Sigmund
  1780 | D:3      | Killed Sigmund
  1780 | D:3      | Reached skill level 1 in Fighting
  1780 | D:3      | Gained mutation: Your natural rate of healing is unusually fast. [Vine Stalker growth]
  1780 | D:3      | Reached XP level 4. HP: 18/22 MP: 5/9
  1780 | D:3      | Reached XP level 5. HP: 21/25 MP: 5/10
  1805 | D:3      | Reached skill level 5 in Stealth
  1987 | D:3      | Noticed Terence
  1992 | D:3      | Killed Terence
  1992 | D:3      | Reached XP level 6. HP: 30/30 MP: 11/11
  2193 | D:3      | Found a blossoming altar of Fedhas.
  2193 | D:3      | Found a sacrificial altar of Ru.
  2673 | D:2      | Found an ancient bone altar of Kikubaaqudgha.
  2732 | D:2      | Killed Robin
  3220 | D:3      | Noticed Ijyb
  3231 | D:3      | Killed Ijyb
  3231 | D:3      | Reached skill level 1 in Ice Magic
  3434 | D:4      | Noticed a phantom
  3460 | D:4      | Killed a phantom
  3460 | D:4      | Reached skill level 6 in Stealth
  3460 | D:4      | Reached XP level 7. HP: 25/33 MP: 2/13
  3767 | D:4      | Found Gealuh's Gadget Boutique.
  3946 | D:4      | Noticed NoAnimeNoLife's ghost (amateur GrFi)
  4103 | D:3      | Found a hide-covered altar of Uskayaw.
  4103 | D:3      | Found a bloodstained altar of Trog.
  4172 | D:5      | Entered Level 5 of the Dungeon
  4172 | D:5      | Found Ecsyde's Armour Emporium.
  4352 | D:4      | Reached skill level 7 in Stealth
  4444 | D:5      | Gained mutation: You have razor-sharp teeth. [Vine Stalker growth]
  4444 | D:5      | Reached XP level 8. HP: 23/37 MP: 13/15
  4493 | D:5      | Found Holuipp's Magic Scroll Boutique.
  4501 | D:5      | Bought a scroll of enchant armour for 105 gold pieces
  4534 | D:5      | Found Norchas's General Store.
  4541 | D:5      | Learned a level 3 spell: Tukima's Dance
  4680 | D:5      | Found Oguedak's Armour Emporium.
  4869 | D:6      | Found a white marble altar of Elyvilon.
  4899 | D:6      | Found Kuorch's Assorted Antiques.
  5305 | D:5      | Noticed a rust devil
  5305 | D:5      | Noticed a rust devil
  5495 | D:6      | Noticed a hippogriff
  5507 | D:6      | Killed a hippogriff
  5507 | D:6      | Reached skill level 8 in Stealth
  5540 | D:6      | HP: 1/39 [electric eel/bolt of electricity (3)]
  5541 | D:6      | Killed from afar by an electric eel

Skill      XL: |  1  2  3  4  5  6  7  8 |
---------------+-------------------------+-----
Short Blades   | 1 2 |  2.9
Dodging        | 2 3 |  3.5
Stealth        | 4 5 6 7 8 |  8.0
Fighting       | 1 2 |  2.0
Spellcasting   | 3 4 |  4.4
Ice Magic      | 1 2 |  2.2
Hexes          | 4 |  4.6
Long Blades    | |  0.8

Action                   |  1- 3 |  4- 6 |  7- 9 || total
-------------------------+-------+-------+-------++-------
Melee: Dagger            |   143 |    87 |   143 ||   373
       Bite              |    24 |    20 |    43 ||    87
       Long sword        |       |       |    18 ||    18
       Short sword       |       |       |     7 ||     7
 Cast: Corona            |     9 |       |       ||     9
       Ensorcelled Hiber |     6 |    19 |    32 ||    57
  Use: Scroll            |       |       |    12 ||    12
       Potion            |       |       |     1 ||     1
 Stab: Sleeping          |    10 |    16 |    22 ||    48
       Distracted        |       |     1 |       ||     1
  Eat: Chunk             |     3 |     6 |     7 ||    16
       Fruit             |       |       |     1 ||     1
Armor: Robe              |    55 |    23 |    41 ||   119
Dodge: Dodged            |   141 |    52 |   143 ||   336
       Rpst.: Long sword |       |       |     6 ||     6
